 Dungeon Crawl Stone Soup version 0.25-a0-558-g78a2afb0af (webtiles) character file.

Game seed: 12769391187848963937, levelgen mode: deterministic

365 BeastOfSaturn the Gusty (level 6, -2/34 HPs)
             Began as a Tengu Air Elementalist on Feb 25, 2020.
             Shot with an arrow by a centaur (11 damage)
             ... on level 5 of the Dungeon.
             The game lasted 00:23:57 (5150 turns).

BeastOfSaturn the Gusty (Tengu Air Elementalist)    Turns: 5150, Time: 00:23:58

Health: -2/34      AC:  4    Str: 11    XL:     6   Next: 68%
Magic:  11/19      EV: 14    Int: 15    God:
Gold:   240        SH:  0    Dex: 14    Spells: 0/9 levels left

rFire    . . .     SeeInvis .   s - +2 flail (vorpal)
rCold    . . .     Gourm    .   (no shield)
rNeg     . . .     Faith    .   t - +0 leather armour
rPois    .         Spirit   .   (helmet restricted)
rElec    .         Reflect  .   (no cloak)
rCorr    .         Harm     .   (no gloves)
MR       .....                  (boots unavailable)
Stlth    ++........             (no amulet)
HPRegen  0.11/turn              r - ring of magical power
MPRegen  0.16/turn              n - +1 ring of protection

@: flying quickly and evasively, hasted, very quick
A: beak, talons 3, able to fly
a: Stop Flying


You were on level 5 of the Dungeon.
You were not hungry.

You visited 1 branch of the dungeon, and saw 5 of its levels.

You collected 240 gold pieces.

Inventory:

Hand Weapons
 s - a +2 vorpal flail (weapon)
Armour
 m - a +1 chain mail of fire resistance
 t - a +0 leather armour (worn)
 v - a +0 helmet
Jewellery
 n - a +1 ring of protection (right hand)
 r - a ring of magical power (left hand)
Wands
 e - a wand of iceblast (7)
Scrolls
 a - 3 scrolls of amnesia {unknown}
 d - 2 scrolls of remove curse
 g - 2 scrolls of enchant armour
 k - 2 scrolls of identify {unknown}
 q - a scroll of teleportation {unknown}
Potions
 b - a potion of brilliance {unknown}
 f - a potion of flight {unknown}
 h - 2 potions of haste
 i - a potion of resistance {unknown}
 j - a potion of invisibility {unknown}
 l - 2 potions of might {unknown}
 o - a potion of stabbing {unknown}
 p - 2 potions of lignification {unknown}
 w - a potion of curing {unknown}
Comestibles
 c - 5 rations


   Skills:
 + Level 1.0 Fighting
 + Level 1.7 Maces & Flails
 * Level 2.5 Armour
 - Level 2.1 Dodging
 - Level 2.0 Stealth
 - Level 2.0 Spellcasting
 * Level 4.7 Conjurations
 * Level 7.0 Air Magic


You couldn't memorise any spells.
You knew the following spells:

 Your Spells              Type           Power        Failure   Level  Hunger
a - Shock                 Conj/Air       ###.         2%          1    #......
b - Static Discharge      Conj/Air       ###.....     8%          3    ###....
c - Lightning Bolt        Conj/Air       ###.......   58%         5    ######.

Your spell library contained the following spells:

 Spells                   Type           Power        Failure   Level  Hunger
 Swiftness                Chrm/Air       ##......     11%         2    ###....
 Airstrike                Air            ###.......   16%         4    #####..


Dungeon Overview and Level Annotations

Branches:
Dungeon (5/15)
 Temple: D:4-7

Altars:
Dithmenos
Fedhas
Nemelex Xobeh
Yredelemnul

Shops:
D:4 :


Innate Abilities, Weirdness & Mutations

You have a beak for a mouth.
You have claws for feet.
You can fly continuously.


Message History

Aim: a bullfrog zombie (severely damaged)
The zap hits the bullfrog zombie.
The bullfrog zombie is severely damaged.
The bullfrog zombie barely misses you.
You barely miss the bullfrog zombie.
The bullfrog zombie is severely damaged.
The bullfrog zombie hits you. The bullfrog zombie barely misses you.
You thump the bullfrog zombie!
You destroy the bullfrog zombie!
Your Air Magic skill increases to level 7!
You start resting.
A centaur comes into view.
A centaur is nearby!
The centaur shouts!
The centaur wields a cursed +0 shortbow.
The centaur shoots an arrow.
The arrow hits you!
* * * LOW HITPOINT WARNING * * *
It was a potion of haste.
You feel yourself speed up.
The centaur shoots an arrow.
The arrow hits you!
You die...

...........#
#..........###
##............###
#................
#................
###........c.......
...................
.........<........#
..........†@##...
.............#
...........?.#
.......(.....#
#.............#
##.......#.....#
#................
......##.....###..
.....# ##...## #.


You could see a centaur.

Vanquished Creatures
  A scorpion (D:4)
  An orc wizard (D:3)
  A bullfrog zombie (D:5)
  Ijyb (D:4)
  An iguana (D:4)
  2 worker ants
  7 adders
  A worm (D:2)
  2 dart slugs
  A leopard gecko (D:2)
  9 orcs
  3 giant cockroaches
  6 goblins
  8 hobgoblins
  4 jackals (D:1)
  3 quokkas
  6 bats
  2 gnoll zombies (D:3)
  6 kobolds
  27 rats
92 creatures vanquished.

Notes
Turn   | Place    | Note
-------+----------+-------------------------------------------
     0 | D:1      | BeastOfSaturn the Tengu Air Elementalist began the quest
                  | for the Orb.
     0 | D:1      | Reached XP level 1. HP: 10/10 MP: 4/4
   382 | D:1      | Reached XP level 2. HP: 6/15 MP: 0/6
  1206 | D:1      | Found a sparkling altar of Nemelex Xobeh.
  1326 | D:2      | Reached skill level 5 in Air Magic
  1326 | D:2      | Reached XP level 3. HP: 19/19 MP: 5/7
  1364 | D:2      | Learned a level 3 spell: Static Discharge
  1406 | D:2      | Found a blossoming altar of Fedhas.
  1413 | D:2      | Reached skill level 1 in Armour
  2006 | D:2      | Reached XP level 4. HP: 24/24 MP: 6/8
  2265 | D:2      | Found a shadowy altar of Dithmenos.
  2491 | D:2      | Reached skill level 6 in Air Magic
  2865 | D:2      | Gained mutation: You can fly continuously. [Tengu growth]
  2865 | D:2      | Reached XP level 5. HP: 16/28 MP: 5/9
  3306 | D:3      | Found a basalt altar of Yredelemnul.
  3990 | D:4      | Noticed Ijyb
  3998 | D:4      | Killed Ijyb
  4026 | D:4      | Found Qeics's Book Emporium.
  4134 | D:4      | Reached XP level 6. HP: 20/33 MP: 10/10
  4251 | D:4      | Learned a level 5 spell: Lightning Bolt
  4532 | D:4      | Reached skill level 1 in Maces & Flails
  4977 | D:4      | Reached skill level 1 in Fighting
  5079 | D:5      | Entered Level 5 of the Dungeon
  5079 | D:5      | Noticed a sky beast
  5143 | D:5      | Reached skill level 7 in Air Magic
  5150 | D:5      | Shot with an arrow by a centaur

Levels and vault maps discovered:
D:1:      lightli_arrival_noodles, layout_basic,
          nemelex_xobeh_ov_fountains_minmay
D:2:      layout_basic, fedhas_altar_1, first_ration, grunt_decor_fettered,
          lemuel_tele_altar
D:3:      layout_rooms, lemuel_zombie_altar_yredelemnul
D:4:      layout_basic, serial_shops, shop, minmay_rat_hole, uniq_ijyb
D:5:      layout_layer_cave, nicolae_overflow_hidden_temple, temple_doors_e

Skill      XL: |  1  2  3  4  5  6 |
---------------+-------------------+-----
Conjurations   | 2 3 4 |  4.7
Air Magic      | 5 6 7 |  7.0
Armour         | 1 2 |  2.5
Maces & Flails | 1 |  1.7
Fighting       | 1 |  1.0
Dodging        | |  2.1
Stealth        | |  2.0
Spellcasting   | |  2.0

Action                   |  1- 3 |  4- 6 || total
-------------------------+-------+-------++-------
Melee: Unarmed           |     3 |       ||     3
       Kick              |     4 |     4 ||     8
       Peck              |     1 |     5 ||     6
       Whip              |     5 |     5 ||    10
       Flail             |       |    40 ||    40
 Cast: Shock             |    59 |    66 ||   125
       Static Discharge  |       |    13 ||    13
 Abil: Fly               |       |     1 ||     1
  Use: Scroll            |     3 |       ||     3
       Potion            |       |     1 ||     1
 Stab: Sleeping          |       |     2 ||     2
  Eat: Chunk             |     4 |    12 ||    16
       Ration            |       |     1 ||     1
Armor: Robe              |     3 |    11 ||    14
       Leather armour    |       |    18 ||    18
       Skin              |       |     2 ||     2
Dodge: Dodged            |    19 |    91 ||   110

Table legend:
 A = Non-vault XP
 B = Vault XP
 C = Vault XP percentage of total XP
 D = Non-vault monster count
 E = Vault monster count
 F = Vault count percentage of total count
                 A         B        C        D         E       F
            +---------+---------+-------+---------+---------+-------
      Total |     463 |      59 |  11.3 |      70 |      22 |  23.9
            +---------+---------+-------+---------+---------+-------
        D:1 |      33 |       0 |   0.0 |      19 |       0 |   0.0
        D:2 |      99 |       0 |   0.0 |      27 |       0 |   0.0
        D:3 |     109 |       3 |   2.7 |      16 |       2 |  11.1
        D:4 |     145 |      56 |  27.9 |       6 |      20 |  76.9
        D:5 |      77 |       0 |   0.0 |       2 |       0 |   0.0
            +---------+---------+-------+---------+---------+-------
